 Dungeon Crawl Stone Soup version bcrawl-1.21.2-1-g32d02e0829 (webtiles) character file.

Game seed: 6516815704536809902

35 Mrkan the Skirmisher (level 3, -3/29 HPs)
             Began as a Demonspawn Monk on Feb 23, 2020.
             Killed by nerve-wracking pain
             ... invoked by Jessica
              (12 damage)
             ... on level 2 of the Dungeon.
             The game lasted 00:01:18 (1146 turns).

Mrkan the Skirmisher (Demonspawn Monk)              Turns: 1146, Time: 00:01:18

Health: -3/29      AC:  2    Str: 12    XL:     3   Next: 16%
Magic:  0/5        EV: 13    Int: 11    God:
Gold:   185        SH:  0    Dex: 15    Spells: 2/2 levels left

rFire    . . .     SeeInvis .   a - +0 hand axe
rCold    . . .     Gourm    .   (no shield)
rNeg     . . .     Faith    .   b - +0 robe
rPois    .         Spirit   +   c - +0 hat
rElec    .         Reflect  .   (no cloak)
rCorr    .         Harm     .   (no gloves)
MR       .....                  (no boots)
Stlth    ++........             d - amulet of guardian spirit
HPRegen  0.09/turn              (no ring)
MPRegen  0.09/turn              (no ring)

@: no status effects
A: horns 1
a: no special abilities


You were on level 2 of the Dungeon.
You were not hungry.

You visited 1 branch of the dungeon, and saw 2 of its levels.

You collected 185 gold pieces.

Inventory:

Hand Weapons
 a - a +0 hand axe (weapon)
Armour
 b - a +0 robe (worn)
 c - a +0 hat (worn)
Jewellery
 d - an amulet of guardian spirit (around neck)
 g - a cursed amulet of inaccuracy {unknown}
 k - an uncursed ring of poison resistance {unknown}
Scrolls
 i - a scroll of teleportation {unknown}
 j - a scroll of noise {unknown}
Potions
 f - a potion of resistance {unknown}
Comestibles
 e - 2 rations {!d}
 h - 3 chunks of flesh


   Skills:
 + Level 3.2 Fighting
 * Level 3.2 Axes
 + Level 0.9 Armour
 + Level 3.0 Dodging
 - Level 2.0 Stealth
   Level 2.6 Invocations


You had 2 spell levels left.
You didn't know any spells.
Your spell library was empty.

Dungeon Overview and Level Annotations

Branches:
Dungeon (2/12)

Altars:
Xom

Annotations:
D:2 Jessica


Innate Abilities, Weirdness & Mutations

You have a pair of small horns on your head.


Message History

There isn't anything to butcher here.
Things that are here:
a +0 dagger; an orc corpse You butcher the orc corpse.
Jessica the Apprentice Sorceress comes into view.
She is wielding a +0 dagger of venom.
Things that are here:
a +0 dagger; 4 chunks of flesh; an orc skeleton Jessica casts a spell at you.
Pain shoots through your body!
You hit Jessica but do no damage. You headbutt Jessica.
Jessica is moderately wounded.
Jessica casts a spell.
Jessica blinks!
Jessica mumbles some strange words.
Jessica seems to speed up.
Jessica points at you and mumbles some strange words.
Pain shoots through your body! Jessica casts a spell at you.
Pain shoots through your body!
You die...

..# ##.##.#####..#
#... ###...).##.....#
. #...
#...[#####.....#
..#... #.#..# #.....#
......###<#.## #######
#......#.#
#.....##.###
#.#..÷)..@.### #
#...##..).@..######
#.##...#...###.......#
#.....##...#
#.....#...
#...##...#...#
##h###.... #.#
#<#.#...# ≈_. ...
#.#.#..## .≈≈. ..
.......# ♣.≈≈.♣ .
...#..... ^._≈≈.
......... .≈..≈.


You could see Jessica and a jackal (wandering).

Vanquished Creatures
  A dart slug (D:1)
  2 leopard geckos (D:1)
  An orc (D:2)
  A ball python (D:1)
  3 giant cockroaches
  4 goblins (D:1)
  4 hobgoblins
  2 kobolds (D:2)
  A bat (D:1)
  4 frilled lizards
  5 rats
28 creatures vanquished.

Notes
Turn   | Place    | Note
-------+----------+-------------------------------------------
     0 | D:1      | Mrkan the Demonspawn Monk began the quest for the Orb.
     0 | D:1      | Reached XP level 1. HP: 18/18 MP: 2/2
   375 | D:1      | Gained mutation: You have a pair of small horns on your
                  | head. [demonic ancestry]
   375 | D:1      | Reached XP level 2. HP: 20/24 MP: 4/4
  1108 | D:2      | Found a shimmering altar of Xom.
  1111 | D:2      | Found a shimmering altar of Xom.
  1114 | D:2      | Reached XP level 3. HP: 28/29 MP: 5/5
  1138 | D:2      | Noticed Jessica
  1146 | D:2      | Killed from afar by Jessica

Skill      XL: |  1  2  3 |
---------------+----------+-----
Axes           | 3 |  3.2
Dodging        | 3 |  3.0
Fighting       | |  3.2
Armour         | |  0.9
Stealth        | |  2.0
Invocations    | |  2.6

Action                   || total
-------------------------++-------
Melee: Hand axe          ||    74
       Headbutt          ||     9
 Stab: Sleeping          ||     5
  Eat: Chunk             ||     1
Armor: Robe              ||     8
Dodge: Dodged            ||    38
